 Dungeon Crawl Stone Soup version 0.28.0-53-g5a82cb258f (webtiles) character file.

Game seed: 8121231088261357064

6153 Peloso the Carver (level 10, -12/79 HPs)
             Began as a Demonspawn Fighter on June 4, 2022.
             Was an Elder of Okawaru.
             Mangled by Urug
             ... wielding a +4 demon trident
              (16 damage)
             ... on level 10 of the Dungeon.
             The game lasted 00:16:31 (10292 turns).

Peloso the Carver (Demonspawn Fighter)             Turns: 10292, Time: 00:16:32

Health: -12/79     AC: 19    Str: 21    XL:     10   Next: 59%
Magic:  0/11       EV: 10    Int: 10    God:    Okawaru [****..]
Gold:   159        SH:  6    Dex: 12    Spells: 9/9 levels left

rFire   + . .      SeeInvis +   a - +4 long sword (flame)
rCold   . . .      Faith    .   c - +0 buckler
rNeg    . . .      Spirit   +   s - +0 chain mail
rPois   .          Reflect  .   o - +2 helmet {SInv}
rElec   .          Harm     .   (no cloak)
rCorr   .          Rampage  .   (no gloves)
Will    .....                   (no boots)
Stlth   ..........              n - amulet of guardian spirit
HPRegen 0.23/turn               x - ring of protection from fire
MPRegen 0.12/turn               (no ring)

@: mighty, heroic
A: claws 1, yellow scales 2, spiny 1
a: Renounce Religion, Heroism, Finesse


You were on level 10 of the Dungeon.
You worshipped Okawaru.
Okawaru was greatly pleased with you.
You visited 1 branch of the dungeon, and saw 10 of its levels.

You collected 442 gold pieces.
You spent 283 gold pieces at shops.

Inventory:

Hand Weapons
 a - a +4 long sword of flaming (weapon)
 b - a +2 long sword
Armour
 c - a +0 buckler (worn)
 o - a +2 helmet of see invisible (worn)
 s - a +0 chain mail (worn)
Jewellery
 m - a ring of wizardry
 n - an amulet of guardian spirit (around neck)
 w - an amulet of faith
 x - a ring of protection from fire (left claw)
Wands
 p - a wand of paralysis (2)
 z - a wand of polymorph (13)
Scrolls
 e - 2 scrolls of immolation
 f - a scroll of amnesia
 g - 4 scrolls of fear {unknown}
 i - 3 scrolls of fog {unknown}
 r - a scroll of teleportation
 u - a scroll of noise
 v - a scroll of magic mapping
 y - a scroll of enchant weapon {unknown}
Potions
 d - a potion of might
 h - a potion of invisibility
 j - 2 potions of flight
 k - a potion of brilliance
 l - 2 potions of magic
 q - 2 potions of ambrosia
 t - a potion of resistance


   Skills:
 + Level 7.0(12.0) Fighting
 + Level 10.2(15.2) Long Blades
 + Level 7.7(12.7) Armour
 + Level 2.8(7.8) Dodging
 + Level 1.1(6.1) Stealth
 + Level 5.1(10.1) Shields
 + Level 2.0 Invocations


You had 9 spell levels left.
You didn't know any spells.
Your spell library contained the following spells:

 Spells                   Type           Power      Damage    Failure   Level
 Magic Dart               Conj           0%         1d3       95%         1
 Searing Ray              Conj           0%         2d4       99%         2
 Fulminant Prism          Conj/Hex       0%         3d6       100%        4
 Passage of Golubria      Tloc           0%         N/A       100%        4
 Silence                  Hex/Air        0%         N/A       100%        5
 Lehudib's Crystal Spear  Conj/Erth      0%         10d2      100%        8


Dungeon Overview and Level Annotations

Branches:
Dungeon (10/15)            Temple (0/1) D:5
   Lair: D:8-11         Orc: D:9-12

Altars:
Dithmenos
Fedhas
Hepliaklqana
Makhleb
Okawaru
Qazlal
Xom

Shops:
D:3 :   D:8 (

Annotations:
D:2 1 runed translucent door, Crazy Yiuf
D:10 Urug


Innate Abilities, Weirdness & Mutations

You have sharp fingernails.
You are mostly covered in yellow scales. (AC +3)
You are partially covered in sharp spines.


Message History

Urug closely misses you.
You hit Urug but do no damage. You barely miss Urug.
Urug is struck by your spines. Urug hits you with a +4 demon trident!
You closely miss Urug.
Urug is lightly wounded.
Urug hits you with a +4 demon trident!
You slash Urug!
Urug is lightly wounded.
Urug is struck by your spines. Urug hits you with a +4 demon trident!
You closely miss Urug.
Urug is lightly wounded.
You feel very mighty all of a sudden. Urug barely misses you.
You slash Urug! You burn Urug.
Urug is moderately wounded.
You block Urug's attack.
You hit Urug.
Urug is moderately wounded.
Urug hits you with a +4 demon trident!!
* * * LOW HITPOINT WARNING * * *
You slash Urug! You burn Urug.
Urug is heavily wounded.
Okay, then.
You hit Urug.
Urug is severely wounded.
You block Urug's attack.
You closely miss Urug.
Urug is severely wounded.
Urug barely misses you.
You hit Urug but do no damage.
Urug is severely wounded.
Urug hits you with a +4 demon trident!
* * * LOW HITPOINT WARNING * * *
You closely miss Urug.
Urug is severely wounded.
You hit Urug. You burn Urug.
Urug is severely wounded.
Urug hits you with a +4 demon trident!
You die...

#...... #......
#############......
#..................
#.###########......
#.# ###.#..# #.#
#...#..#
#.##########.#...##
#>@................
#o##########†#...##
#.# #.###### #.#
#.....## #.......#
#####.#. #.../...#
#.##
#...........######.#.
#..............>.....
#.........o.#.####.##


You could see Urug.

Vanquished Creatures
  Harold (D:8)
  Psyche (D:8)
  A troll (D:9)
  A shadow (D:6)
  3 wyverns
  3 yaks (D:6)
  Menkaure (D:5)
  A water moccasin (D:7)
  2 necrophages
  An ice beast (D:5)
  2 orc warriors (D:6)
  2 sky beasts
  4 centaurs
  3 kobold brigands
  A gnoll sergeant (D:7)
  2 bullfrogs
  3 scorpions
  8 wights
  13 killer bees
  2 howler monkeys
  2 centaur zombies
  5 orc priests
  A jelly (D:5)
  4 hounds
  Ijyb (D:3)
  4 bullfrog skeletons
  Natasha (thrice) (D:2)
  2 iguanas
  4 orc wizards
  A killer bee zombie (D:6)
  A hound skeleton (D:5)
  A howler monkey zombie (D:8)
  Robin (D:3)
  8 gnolls
  7 adders
  A howler monkey skeleton (D:4)
  A shadow imp (D:6)
  A white imp (D:8)
  An adder skeleton (D:4)
  A worm (D:2)
  A dart slug (D:2)
  23 orcs
  5 ball pythons
  4 endoplasms
  6 giant cockroaches
  12 goblins
  8 hobgoblins
  4 jackals (D:2)
  16 kobolds
  2 quokkas
  2 bats (D:3)
  5 frilled lizards
  2 rats
195 creatures vanquished.

Vanquished Creatures (others)
  44 fungi (D:10)
  53 plants (D:10)
97 creatures vanquished.

Grand Total: 292 creatures vanquished

Notes
Turn   | Place    | Note
-------+----------+-------------------------------------------
     0 | D:1      | Peloso the Demonspawn Fighter began the quest for the Orb.
     0 | D:1      | Reached XP level 1. HP: 18/18 MP: 1/1
   225 | D:1      | Gained mutation: You are partially covered in yellow
                  | scales. (AC +2) [demonic ancestry]
   225 | D:1      | Reached XP level 2. HP: 21/24 MP: 2/2
   411 | D:1      | Reached skill level 2 in Long Blades
   948 | D:2      | Reached XP level 3. HP: 28/29 MP: 3/3
  1116 | D:2      | Found a faded altar of an unknown god.
  1161 | D:2      | Found a runed translucent door.
  1162 | D:2      | Noticed Crazy Yiuf
  1179 | D:2      | Noticed Natasha
  1386 | D:2      | Killed Natasha
  1387 | D:2      | Reached skill level 3 in Long Blades
  1387 | D:2      | Gained mutation: You have sharp fingernails. [demonic
                  | ancestry]
  1387 | D:2      | Reached XP level 4. HP: 11/35 MP: 4/4
  1599 | D:2      | Noticed Natasha
  1611 | D:2      | Killed Natasha
  1624 | D:2      | Noticed Natasha
  1628 | D:2      | Killed Natasha
  1643 | D:2      | Found a shadowy altar of Dithmenos.
  1785 | D:2      | Gained mutation: You are partially covered in sharp spines.
                  | [demonic ancestry]
  1785 | D:2      | Reached XP level 5. HP: 33/41 MP: 5/5
  2228 | D:3      | Noticed Robin
  2250 | D:3      | Killed Robin
  2307 | D:3      | Noticed Ijyb
  2317 | D:3      | Paralysed by Ijyb for 6 turns
  2327 | D:3      | Paralysed by Ijyb for 3 turns
  2332 | D:3      | Killed Ijyb
  2333 | D:3      | Reached skill level 4 in Long Blades
  2457 | D:3      | Found a faded altar of an unknown god.
  2461 | D:3      | Found an iron altar of Okawaru.
  2505 | D:3      | Found Dagetar's Book Boutique.
  2923 | D:4      | Reached skill level 1 in Dodging
  3058 | D:3      | Reached XP level 6. HP: 22/48 MP: 2/6
  3295 | D:4      | HP: 1/48 [orc priest/divine providence (13)]
  3705 | D:4      | Reached skill level 5 in Long Blades
  3705 | D:4      | Reached XP level 7. HP: 53/54 MP: 7/7
  3921 | D:4      | Found a blossoming altar of Fedhas.
  4128 | D:4      | Found a burning altar of Makhleb.
  4129 | D:4      | Found a stormy altar of Qazlal.
  4243 | D:3      | Became a worshipper of Warmaster Okawaru
  4292 | D:5      | Entered Level 5 of the Dungeon
  4338 | D:5      | Found a staircase to the Ecumenical Temple.
  4423 | D:5      | Noticed Menkaure
  4433 | D:5      | Killed Menkaure
  4930 | D:5      | Reached * piety under Okawaru
  4936 | D:5      | Reached skill level 6 in Long Blades
  4936 | D:5      | Gained mutation: You are mostly covered in yellow scales.
                  | (AC +3) [demonic ancestry]
  4936 | D:5      | Reached XP level 8. HP: 52/61 MP: 8/8
  5219 | D:5      | Reached skill level 5 in Armour
  6008 | D:6      | Reached skill level 7 in Long Blades
  6032 | D:6      | Reached skill level 5 in Fighting
  6039 | D:6      | Reached ** piety under Okawaru
  6330 | D:6      | Reached XP level 9. HP: 57/68 MP: 7/9
  6550 | D:6      | Found a hazy altar of Hepliaklqana.
  6551 | D:6      | Found a shimmering altar of Xom.
  6552 | D:6      | Noticed a spectral ugly thing
  6633 | D:6      | Reached skill level 8 in Long Blades
  6633 | D:6      | Reached skill level 1 in Invocations
  7858 | D:7      | Reached *** piety under Okawaru
  7859 | D:7      | Reached skill level 9 in Long Blades
  8265 | D:8      | Found Xuru's Weapon Shop.
  8290 | D:8      | Bought a +4 long sword of flaming for 283 gold pieces
  8414 | D:8      | Noticed Harold
  8427 | D:8      | Killed Harold
  8428 | D:8      | Reached skill level 1 in Stealth
  8428 | D:8      | Reached XP level 10. HP: 40/77 MP: 5/11
  8654 | D:8      | Noticed Psyche
  8665 | D:8      | Killed Psyche
  8892 | D:8      | Reached **** piety under Okawaru
  9601 | D:9      | Reached skill level 5 in Shields
  9699 | D:9      | Reached skill level 10 in Long Blades
 10119 | D:10     | Entered Level 10 of the Dungeon
 10267 | D:10     | Noticed Urug
 10292 | D:10     | Mangled by Urug

Illustrated notes

Levels and vault maps discovered:
D:1:      dpeg_arrival_signposts, layout_basic, chequers_serial_rivers_large_a,
          st_stairs_13
D:2:      layout_basic, basic_altar, basic_ecumenical_altar,
          minmay_misc_feat_tower, uniq_natasha, uniq_crazy_yiuf_cottage
D:3:      layout_basic, nicolae_overflow_ecumenical_swirl, serial_shops,
          shop_fountains, uniq_robin, uniq_ijyb
D:4:      layout_basic, mainiacjoe_overflow_six_doors_small,
          gammafunk_temple_overflow_pools
D:5:      layout_loops_ring, minmay_temple_entry_sparse_star,
          lemuel_flame_loot_1, uniq_menkaure
D:6:      layout_loops_cross, regret_index_temple_of_mockery,
          nicolae_fountain_basement
D:7:      layout_loops_ring, minmay_misc_feat_tiny,
          chequers_serial_rivers_small_3
D:8:      layout_basic, serial_shops, nicolae_stop_n_shop_1, uniq_psyche,
          uniq_harold
D:9:      layout_loops_ring
D:10:     layout_basic, due_lair_maze_entry_diamond, uniq_erica, uniq_urug

Skill      XL: |  1  2  3  4  5  6  7  8  9 10 |
---------------+-------------------------------+-----
Long Blades    | 2 3 4 5 6 7 9 10 | 10.2
Armour         | 3 4 5 7 |  7.7
Shields        | 3 4 5 |  5.1
Dodging        | 1 2 |  2.8
Fighting       | 4 5 6 7 |  7.0
Invocations    | 1 2 |  2.0
Stealth        | 1 |  1.1

Action                   |  1- 3 |  4- 6 |  7- 9 | 10-12 || total
-------------------------+-------+-------+-------+-------++-------
Melee: Long sword        |    64 |   138 |   305 |   100 ||   607
Invok: Heroism           |       |       |    10 |     2 ||    12
  Use: Scroll            |       |       |    11 |     2 ||    13
       Potion            |       |       |       |     1 ||     1
Armor: Scale mail        |    28 |    84 |       |       ||   112
       Chain mail        |       |    20 |   156 |    59 ||   235
Dodge: Dodged            |    23 |    75 |    89 |    28 ||   215
Block: Buckler           |    12 |    45 |    71 |    29 ||   157
